 Dungeon Crawl Stone Soup version 0.25.1-2-g60ff931df9 (webtiles) character file.

Game seed: 15984511748792357984

3672 Chimkentus the Covert (level 10, -3/66 HPs)
             Began as an Octopode Assassin on Aug 26, 2020.
             Was a Believer of Wu Jian.
             Slain by an orc warrior
             ... wielding a +0 glaive
              (20 damage)
             ... on level 9 of the Dungeon.
             The game lasted 00:58:10 (8971 turns).

Chimkentus the Covert (Octopode Assassin)           Turns: 8971, Time: 00:58:11

Health: -3/66      AC:  1    Str: 10    XL:     10   Next: 13%
Magic:  10/11      EV: 17    Int: 20    God:    Wu Jian [**....]
Gold:   494        SH:  6    Dex: 17    Spells: 5/11 levels left

rFire    . . .     SeeInvis .   T - +2 dagger (freeze)
rCold    . . .     Gourm    .   w - +1 buckler
rNeg     . . .     Faith    .   (helmet restricted)
rPois    .         Spirit   .   (no amulet)
rElec    .         Reflect  .   n - +6 ring of intelligence
rCorr    +         Harm     .   o - ring of protection from magic
MR       +....                  B - ring of resist corrosion
Stlth    ++++++....             I - ring of stealth
HPRegen  0.21/turn              U - +4 ring of slaying
MPRegen  0.12/turn              (no ring)
                                (no ring)
                                (no ring)

@: no status effects
A: almost no armour, stealthy swim, amphibious, 8 rings, constrict 8, camouflage
1, gelatinous body 1
a: Wall Jump, Renounce Religion


You were on level 9 of the Dungeon.
You worshipped Wu Jian.
Wu Jian was pleased with you.
You were not hungry.

You visited 2 branches of the dungeon, and saw 11 of its levels.

You collected 494 gold pieces.

Inventory:

Hand Weapons
 a - a +2 dagger
 e - a +0 short sword
 f - a +2 mace of protection
 g - a +0 whip
 j - a +0 hunting sling
 D - a +2 war axe of electrocution
 K - a +0 dagger of pain
 S - a +0 dagger of draining
 T - a +2 dagger of freezing (weapon)
 X - a +1 falchion of holy wrath
Missiles
 b - 32 poisoned darts
 h - 4 javelins (quivered)
 k - 113 bolts
 l - 54 sling bullets
 r - 225 stones
 s - 154 arrows
 u - a throwing net
 H - 14 boomerangs
 R - 5 datura-tipped darts
Armour
 w - a +1 buckler (worn)
Magical Staves
 t - an uncursed staff of cold
Jewellery
 n - a +6 ring of intelligence (left tentacle)
 o - a ring of protection from magic (right tentacle)
 B - a ring of resist corrosion (on tentacle)
 I - a ring of stealth (on tentacle)
 U - a +4 ring of slaying (on tentacle)
Wands
 y - a wand of flame (17)
 O - a wand of polymorph (2)
Scrolls
 m - 6 scrolls of remove curse
 v - 3 scrolls of identify
 x - a scroll of amnesia
 F - 2 scrolls of blinking
 G - 2 scrolls of teleportation
 N - a scroll of random uselessness
Potions
 i - 3 potions of curing
 p - 3 potions of cancellation
 z - 2 potions of ambrosia {unknown}
 A - a potion of lignification
 E - 5 potions of heal wounds
 J - 2 potions of degeneration {unknown}
 L - a potion of mutation {unknown}
 P - a potion of resistance {unknown}
 Q - 2 potions of flight
 V - a potion of brilliance {unknown}
Comestibles
 d - 26 rations
 q - 12 chunks of flesh


   Skills:
 * Level 5.3 Fighting
 + Level 5.0 Short Blades
 + Level 1.2 Axes
 + Level 2.7(4.4) Slings
 + Level 5.4(5.8) Throwing
 * Level 5.6 Dodging
 - Level 8.5 Stealth
 * Level 4.6 Shields
 + Level 1.0 Spellcasting
 * Level 5.0 Hexes
 + Level 1.3 Transmutations
 + Level 2.3 Poison Magic
 + Level 0.9 Evocations


You had 5 spell levels left.
You knew the following spells:

 Your Spells              Type           Power        Failure   Level  Hunger
a - Confusing Touch       Hex            ###.....     7%          3    ####...
b - Slow                  Hex            ###.....     3%          2    ###....
c - Sting                 Tmut/Pois      #...         9%          1    ##.....

Your spell library contained the following spells:

 Spells                   Type           Power        Failure   Level  Hunger
 Poisonous Vapours        Pois/Air       #.....       16%         2    ###....
 Magic Dart               Conj           #...         17%         1    ##.....
 Blink                    Tloc           N/A          26%         2    ###....
 Call Imp                 Summ           #.......     26%         2    ###....
 Ignite Poison            Fire/Tmut/Pois #.......     32%         3    ####...
 Mephitic Cloud           Conj/Pois/Air  #.......     36%         3    ####...
 Conjure Flame            Conj/Fire      #.......     45%         3    ####...
 Gell's Gravitas          Tloc           #.........   45%         3    ####...
 Olgreb's Toxic Radiance  Pois           ##......     54%         4    #####..
 Petrify                  Tmut/Erth      #.......     78%         4    #####..
 Yara's Violent Unravell  Hex/Tmut       ##........   78%         5    ######.
 Metabolic Englaciation   Hex/Ice        ##........   86%         5    ######.


Dungeon Overview and Level Annotations

Branches:
Dungeon (10/15)            Temple (1/1) D:7            Lair (0/6) D:9
    Orc: D:9-12

Altars:
Ashenzari
Dithmenos
Elyvilon
Fedhas
Gozag
Hepliaklqana
Kikubaaqudgha
Makhleb
Nemelex Xobeh
Okawaru
Qazlal
Ru
Sif Muna
Trog
Uskayaw
Vehumet
Wu Jian
Xom
Zin
The Shining One

Annotations:
D:4 2 transporters, deluxius's ghost, amateur GrCK


Innate Abilities, Weirdness & Mutations

You cannot wear most types of armour.
You are very stealthy in the water. (Stealth+)
You are amphibious.
You can wear up to eight rings at the same time.
You can use your tentacles to constrict eight enemies at once.
Your skin changes colour to match your surroundings (Stealth+).
Your rubbery body absorbs attacks. (AC +1, EV +1)


Message History

You hit the warg. You freeze the warg.
The warg is almost dead.
The warg bites you!
* * * LOW HITPOINT WARNING * * *
You hit the warg. You freeze the warg.
You kill the warg!
The Council accepts your kill.
Your Hexes skill increases to level 5!
Found a staircase to the Lair.
Evoke which item? (* to show all) (? for menu, Esc to quit)
Okay, then.
Okay, then.
Aiming: Wall Jump
Press: ? - help, Dir - move target cursor A warg comes into view.
Found a stone staircase leading up.
Found a scroll of remove curse.
There is a stone staircase leading up here.
The orc warrior hits you from afar with a +0 glaive!!
You die...

.. .........P..).....
...... ...........#.....
...... ......... #.....
......####.....####.....
..................).....
........................
.......................#
......................##
..?....@.o...........##
######################


You could see an orc warrior.

Vanquished Creatures
  A hippogriff (D:7)
  2 hungry ghosts
  A warg (D:9)
  3 ice beasts
  2 phantoms (D:6)
  A tengu (D:7)
  4 centaurs
  3 ogres
  A wolf (D:8)
  Blork the orc (D:6)
  A big kobold (D:8)
  6 bullfrogs
  2 scorpions
  3 howler monkeys (D:7)
  A crimson imp (D:5)
  2 centaur zombies
  A quasit (D:6)
  3 hounds
  3 jellies
  6 orc priests
  A centaur skeleton (D:4)
  An iguana (D:4)
  2 bullfrog skeletons
  6 orc wizards
  7 worker ants
  A statue (D:7)
  A howler monkey zombie (D:6)
  Robin (D:3)
  9 adders
  2 shadow imps
  An ooze (D:1)
  3 worms
  A dart slug (D:1)
  3 leopard geckos
  29 orcs
  7 giant cockroaches
  7 hobgoblins
  10 jackals
  6 bats
  4 frilled lizards
  14 goblins
  2 jackal skeletons
  A jackal zombie (D:6)
  3 kobolds
  A quokka zombie (D:7)
  6 rats
176 creatures vanquished.

Notes
Turn   | Place    | Note
-------+----------+-------------------------------------------
     0 | D:1      | Chimkentus the Octopode Assassin began the quest for the
                  | Orb.
     0 | D:1      | Reached XP level 1. HP: 14/14 MP: 1/1
   297 | D:1      | Reached XP level 2. HP: 19/19 MP: 2/2
   899 | D:2      | Reached XP level 3. HP: 25/25 MP: 3/3
  1171 | D:2      | Found a glowing golden altar of the Shining One.
  1275 | D:2      | Found a glowing silver altar of Zin.
  1361 | D:2      | Found a bloodstained altar of Trog.
  1369 | D:2      | Found a white marble altar of Elyvilon.
  1548 | D:3      | Found a stormy altar of Qazlal.
  1550 | D:3      | You fall into a shaft and drop 1 floor!
  1551 | D:4      | Noticed a bullfrog
  1551 | D:4      | Reached XP level 4. HP: 30/30 MP: 4/4
  1555 | D:4      | Killed a bullfrog
  1555 | D:4      | Reached skill level 1 in Shields
  1555 | D:4      | Reached XP level 5. HP: 36/36 MP: 5/5
  1837 | D:4      | Noticed an ogre
  1869 | D:3      | Reached XP level 6. HP: 18/42 MP: 6/6
  2232 | D:3      | Noticed Robin
  2242 | D:3      | Killed Robin
  3377 | D:4      | Reached XP level 7. HP: 34/46 MP: 7/7
  3466 | D:4      | Found a transporter.
  3481 | D:4      | Found a transporter.
  3482 | D:4      | Noticed deluxius's ghost (amateur GrCK)
  3501 | D:4      | Found an opulent altar of Gozag.
  3926 | D:5      | Entered Level 5 of the Dungeon
  3933 | D:4      | Learned a level 3 spell: Confusing Touch
  4166 | D:5      | Reached skill level 1 in Slings
  4614 | D:6      | Reached skill level 1 in Hexes
  4776 | D:6      | Reached XP level 8. HP: 42/54 MP: 8/8
  5067 | D:6      | Reached skill level 6 in Stealth
  5216 | D:6      | Reached skill level 5 in Throwing
  5322 | D:6      | Found an ornate altar of the Wu Jian Council.
  5327 | D:6      | Became a worshipper of the Wu Jian Council
  5417 | D:6      | Found a shadowy altar of Dithmenos.
  5418 | D:6      | Noticed Blork the orc
  5589 | D:6      | Killed Blork the orc
  5589 | D:6      | Reached skill level 7 in Stealth
  5968 | D:7      | Found a radiant altar of Vehumet.
  6038 | D:7      | Reached XP level 9. HP: 59/59 MP: 9/9
  6120 | D:7      | Found a shimmering blue altar of Sif Muna.
  6224 | D:7      | Found a staircase to the Ecumenical Temple.
  6229 | D:7      | Reached skill level 8 in Stealth
  6345 | D:7      | Reached * piety under Wu Jian
  6467 | D:7      | Reached skill level 5 in Dodging
  6909 | Temple   | Entered the Ecumenical Temple
  7203 | D:8      | Learned a level 2 spell: Slow
  7205 | D:8      | Learned a level 1 spell: Sting
  7971 | D:8      | Found a sacrificial altar of Ru.
  8010 | D:8      | Reached skill level 5 in Fighting
  8016 | D:8      | You fall into a shaft and drop 2 floors!
  8016 | D:10     | Entered Level 10 of the Dungeon
  8016 | D:10     | Found a white marble altar of Elyvilon.
  8170 | D:8      | Reached skill level 1 in Axes
  8170 | D:8      | Reached skill level 1 in Poison Magic
  8292 | D:8      | Reached skill level 1 in Spellcasting
  8292 | D:8      | Reached XP level 10. HP: 62/66 MP: 11/11
  8293 | D:8      | Reached skill level 5 in Short Blades
  8840 | D:9      | Reached skill level 1 in Transmutations
  8942 | D:9      | Reached ** piety under Wu Jian
  8961 | D:9      | Reached skill level 5 in Hexes
  8963 | D:9      | Found a staircase to the Lair.
  8971 | D:9      | Slain by an orc warrior

Illustrated notes

Levels and vault maps discovered:
D:1:      scummos_arrival_forest, layout_basic
D:2:      layout_loops_cross, old_standard_altar, zin_statuary, tso_altar,
          bloody_trog, first_ration
D:3:      layout_loops_ring, grunt_qazlal_sundering, corexii_shack, uniq_robin
D:4:      layout_cave_pods, grunt_gozag_statues, gammafunk_ghost_mausoleum
D:5:      layout_rooms, serial_glass, glass_columns_a, glass_columns_b,
          minmay_fractal_squares_gapless_5
D:6:      layout_basic, marbit_many_paths,
          nicolae_dithmenos_through_a_glass_darkly, uniq_blork_the_orc
D:7:      layout_loops_corners, led_sif_pool, vehumet_statue,
          minmay_temple_entry_waves
D:8:      layout_loops_ring, nicolae_ru_great_annihilating_truth,
          blue_anna_alchemist [blue_anna_fruit_fields, blue_anna_fruit_fields],
          ebering_dispersal_statue_hall
D:9:      layout_big_octagon, nicolae_overflow_hidden_temple,
          erik_lair_orcish_takeover
D:10:     layout_roguey, basic_altar, kennysheep_small_square
Temple:   nicolae_temple_figure_zero

Skill      XL: |  1  2  3  4  5  6  7  8  9 10 |
---------------+-------------------------------+-----
Dodging        | 2 3 4 5 |  5.6
Fighting       | 3 4 5 |  5.3
Short Blades   | 3 4 5 |  5.0
Shields        | 1 2 3 4 |  4.6
Throwing       | 3 4 5 |  5.4
Slings         | 1 2 |  2.7
Hexes          | 1 2 4 5 |  5.0
Stealth        | 7 8 |  8.5
Axes           | 1 |  1.2
Poison Magic   | 1 2 |  2.3
Spellcasting   | 1 |  1.0
Transmutations | 1 |  1.3
Evocations     | |  0.9

Action                   |  1- 3 |  4- 6 |  7- 9 | 10-12 || total
-------------------------+-------+-------+-------+-------++-------
Melee: Dagger            |    38 |    83 |   141 |    33 ||   295
       Constrict         |     5 |    27 |    24 |     6 ||    62
       Tentacles         |     5 |    17 |    36 |     8 ||    66
       War axe           |       |       |    18 |     1 ||    19
 Fire: Hunting sling     |     4 |    19 |    20 |       ||    43
Throw: Dart              |    14 |    50 |    27 |     3 ||    94
       Boomerang         |       |       |    15 |       ||    15
       Javelin           |       |       |       |     3 ||     3
 Cast: Sting             |       |       |    13 |     7 ||    20
       Slow              |       |       |     4 |       ||     4
Invok: Lunge             |       |       |    22 |     2 ||    24
 Abil: Wall Jump         |       |       |       |     1 ||     1
Evoke: Wand              |       |     4 |     8 |     1 ||    13
  Use: Scroll            |       |     3 |    16 |     1 ||    20
       Potion            |       |       |     4 |       ||     4
 Stab: Sleeping          |    10 |     7 |    37 |     2 ||    56
       Paralysed         |       |       |     3 |       ||     3
  Eat: Chunk             |     1 |     6 |    17 |     2 ||    26
Armor: Skin              |     2 |     3 |     1 |       ||     6
Dodge: Dodged            |    11 |    43 |    69 |    17 ||   140
Block: Buckler           |       |    10 |    30 |     9 ||    49
